AoeStats
← IGBBMN

Arena

510765244Analyzed
4v4 RM · 14h ago on Oct 2, 2026· 59m 39s· 8 players
Game mode
Random Map
Map size
Large (8 player)
Population
200
Speed
Normal
Resources
Standard
Victory
Conquest
Starting age
Dark Age
Ending age
Imperial Age
RankedLock teamsTeams togetherTeam positionsShared explorationLock speedFull tech treeHidden civsTurbo modeCheats
Victory
Defeat
🇹🇼 Britons · Taiwan
1260
+11
🇹🇼 Lithuanians · Taiwan
1218
+13
🇹🇼 Bohemians · Taiwan
1199
+14
🇹🇼 Hindustanis · Taiwan
1182
+14
🇮🇳 Britons · India
1179
-13
🇦🇷 Khmer · Argentina
1145
-13
🇯🇵 Romans · Japan
1144
-13
🇨🇳 Poles · China
1138
-13
Fujiwara
10:19 Feudal Age
16:51 Castle Age
14:49 Double-Bit Axe
14:45 Horse Collar
22:38 Loom
25:19 Bow Saw
25:11 Heavy Plow
27:50 Wheelbarrow
29:38 Hand Cart
29:17 Gold Mining
29:18 Stone Mining
31:34 Gold Shaft Mining
33:41 Imperial Age
30:49 Pikeman
31:55 Squires
33:01 Forging
32:51 Scale Mail Armor
32:52 Padded Archer Armor
32:44 Fletching
34:33 Iron Casting
33:45 Halberdier
34:38 Ballistas
35:26 Chain Mail Armor
34:49 Heavy Scorpion
35:54 Conscription
37:38 Chemistry
36:59 Ballistics
36:35 Murder Holes
38:54 Crop Rotation
40:05 Blast Furnace
38:56 Fletching
40:20 Siege Engineers
43:33 Bloodlines
43:23 Husbandry
42:46 Elite Centurion
43:51 Comitatenses
48:45 Capped Ram
49:32 Scale Barding Armor
49:23 Bodkin Arrow
49:41 Masonry
49:42 Fortified Wall
50:14 Siege Ram
53:09 Light Cavalry
54:30 Man-at-Arms
55:40 Long Swordsman
57:00 Chain Barding Armor
57:11 Architecture
57:12 Legionary
YOU B4STARD!
11:24 Feudal Age
12:31 Double-Bit Axe
15:33 Castle Age
13:37 Horse Collar
15:04 Stone Mining
16:49 Bow Saw
16:59 Heavy Plow
21:28 Gold Mining
22:18 Wheelbarrow
24:16 Hand Cart
30:00 Imperial Age
30:07 Imperial Age
27:24 Loom
27:24 Town Watch
28:23 Stone Shaft Mining
28:02 Scale Barding Armor
28:08 Forging
28:40 Treadmill Crane
29:11 Husbandry
29:24 Bloodlines
29:20 Szlachta Privileges
30:43 Chain Barding Armor
30:58 Iron Casting
30:36 Cavalier
32:47 Conscription
34:05 Blast Furnace
34:44 Scale Mail Armor
34:09 Pikeman
34:50 Squires
34:35 Arson
38:23 Chain Mail Armor
38:05 Elite Obuch
45:31 Onager
47:50 Stone Shaft Mining
52:05 Fletching
52:16 Padded Archer Armor
52:50 Thumb Ring
53:29 Ballistics
53:01 Crossbowman
53:40 Bodkin Arrow
54:02 Leather Archer Armor
53:29 Arbalester
IGBBMN
11:05 Feudal Age
11:46 Horse Collar
17:03 Castle Age
16:09 Double-Bit Axe
20:53 Wheelbarrow
20:03 Loom
20:06 Town Watch
22:00 Gold Mining
26:38 Imperial Age
30:43 Chemistry
30:50 Siege Engineers
31:57 Heavy Scorpion
34:50 Siege Engineers
35:57 Conscription
37:07 Scale Mail Armor
36:30 Pikeman
37:02 Halberdier
46:25 Chain Mail Armor
47:29 Forging
54:23 Iron Casting
ravish.ratnam
11:34 Feudal Age
15:16 Castle Age
13:17 Double-Bit Axe
22:35 Ballistics
22:28 Fletching
26:34 Bow Saw
26:29 Bodkin Arrow
26:22 Horse Collar
26:35 Gold Mining
31:06 Imperial Age
29:24 Padded Archer Armor
29:41 Heavy Plow
31:40 Yeomen
31:53 Leather Archer Armor
31:34 Treadmill Crane
32:06 Bracer
36:48 Wheelbarrow
37:51 Chemistry
40:04 Elite Longbowman
41:04 Siege Engineers
46:01 Masonry
57:06 Elite Skirmisher
59:33 Hand Cart
匹皮姆貓
8:43 Loom
10:59 Feudal Age
15:08 Castle Age
12:57 Double-Bit Axe
12:58 Horse Collar
17:40 Bow Saw
20:55 Wheelbarrow
23:10 Fletching
24:29 Bodkin Arrow
26:34 Heavy Plow
28:30 Gold Mining
29:00 Hand Cart
32:31 Imperial Age
31:09 Padded Archer Armor
31:31 Ballistics
30:36 Elite Skirmisher
31:10 Town Watch
32:05 Gold Shaft Mining
31:23 Stone Mining
32:45 Leather Archer Armor
31:58 Pikeman
32:24 Gambesons
32:39 Squires
32:24 Arson
32:40 Scale Mail Armor
33:54 Bracer
35:32 Chemistry
35:49 Conscription
37:26 Chain Mail Armor
37:18 Caravan
38:47 Ring Archer Armor
39:45 Siege Engineers
40:27 Plate Mail Armor
40:08 Forging
41:37 Halberdier
43:33 Iron Casting
43:39 Yeomen
43:58 Crossbowman
44:34 Arbalester
51:30 Elite Longbowman
53:42 Warwolf
54:43 Blast Furnace
slryze4264
11:34 Feudal Age
16:58 Castle Age
21:25 Imperial Age
18:56 Double-Bit Axe
21:34 Chemistry
21:03 Bow Saw
20:56 Horse Collar
26:10 Conscription
30:07 Town Watch
30:58 Wheelbarrow
35:38 Two-Man Saw
37:18 Houfnice
40:09 Hand Cart
39:54 Town Patrol
39:36 Heavy Scorpion
45:27 Ballistics
TAG_MING
10:47 Feudal Age
12:08 Double-Bit Axe
15:01 Castle Age
13:00 Horse Collar
16:00 Bow Saw
20:10 Wheelbarrow
21:11 Gold Mining
22:22 Hand Cart
22:52 Heavy Plow
23:34 Stone Mining
27:12 Imperial Age
25:33 Scale Barding Armor
25:39 Forging
25:26 Town Watch
25:27 Loom
27:14 Gold Shaft Mining
27:00 Chain Barding Armor
27:42 Bloodlines
27:32 Husbandry
27:20 Heavy Camel Rider
29:29 Two-Man Saw
29:06 Plate Barding Armor
29:06 Imperial Camel Rider
31:15 Chemistry
31:22 Iron Casting
34:15 Blast Furnace
33:07 Fletching
34:56 Conscription
34:52 Grand Trunk Road
37:19 Caravan
56:10 Siege Engineers
56:16 Masonry
56:17 Fortified Wall
60:20 Coinage
TAG_VA
10:22 Feudal Age
11:41 Double-Bit Axe
14:10 Castle Age
12:21 Horse Collar
20:41 Bow Saw
20:31 Gold Mining
22:43 Wheelbarrow
24:13 Loom
27:24 Scale Barding Armor
27:12 Fletching
27:33 Forging
27:27 Heavy Plow
27:18 Stone Mining
29:33 Bloodlines
29:24 Husbandry
31:58 Imperial Age
29:46 Hand Cart
29:17 Town Watch
30:23 Chain Barding Armor
30:39 Iron Casting
29:28 Elite Skirmisher
30:30 Bodkin Arrow
30:35 Padded Archer Armor
32:29 Stone Shaft Mining
31:41 Treadmill Crane
32:08 Elite Leitis
33:11 Conscription
34:01 Chemistry
33:17 Thumb Ring
36:51 Crop Rotation
37:23 Two-Man Saw
36:46 Ballistics
37:04 Plate Barding Armor
36:30 Bracer
37:52 Murder Holes
40:54 Leather Archer Armor
41:10 Caravan
49:14 Fortified Wall
49:14 Masonry
51:01 Light Cavalry
52:12 Winged Hussar
Connection lost

Rejoining the realm…

Still unreachable

The connection could not be restored.

Session expired

The server has moved on; the page needs a fresh start.